 Dungeon Crawl Stone Soup version 0.21-a0-264-g3e31e41 (webtiles) character file.

3808 tof the Sneak (level 9, -1/68 HPs)
             Began as a Demonspawn Assassin on Sept 8, 2017.
             Was a Believer of Dithmenos.
             Slain by a wight
             ... wielding a cursed +4 halberd
              (10 damage)
             ... on level 8 of the Dungeon.
             The game lasted 00:20:29 (8982 turns).

tof the Sneak (Demonspawn Assassin)                 Turns: 8982, Time: 00:20:30

Health: -1/68      AC:  5    Str: 14 (16) XL:     9   Next: 96%
Magic:  18/18      EV: 16    Int: 12      God:    Dithmenos [**....]
Gold:   363        SH:  0    Dex: 18      Spells: 8/8 levels left

rFire    . . .     SeeInvis .   a - +3 dagger
rCold    . . .     Gourm    .   (no shield)
rNeg     . . .     Faith    .   c - +0 robe
rPois    .         Spirit   .   (no helmet)
rElec    .         Reflect  .   d - +0 cloak
rCorr    .         Harm     .   (no gloves)
MR       .....                  (no boots)
Stlth    +++++.....             (no amulet)
HPRegen  0.21/turn              h - ring of flight
MPRegen  0.16/turn              t - ring of magical power

@: wreathed by umbra, drained
A: talons 1, yellow scales 1, blink, demonic guardian 2, deterioration 1, high
mp 1, spiny 1, strong 2
a: Blink, Shadow Step, Renounce Religion, Evoke Flight


You were on level 8 of the Dungeon.
You worshipped Dithmenos.
Dithmenos was pleased with you.
You were not hungry.

You visited 2 branches of the dungeon, and saw 9 of its levels.

You collected 363 gold pieces.

Inventory:

Hand Weapons
 a - a +3 dagger (weapon)
 b - a +0 blowgun
Missiles
 e - 17 poisoned needles
 f - 2 curare-tipped needles
 i - 3 tomahawks of returning
 D - 4 needles of paralysis
 I - 3 tomahawks (quivered)
Armour
 c - a +0 robe (worn)
 d - a +0 cloak (worn)
Jewellery
 h - a ring of flight (left hand)
 t - a ring of magical power (right hand)
Wands
 z - a wand of lightning (7/15)
 L - a wand of polymorph (15/24)
 M - a wand of disintegration (9/24)
 N - a wand of lightning (5/15)
Scrolls
 j - 2 scrolls of noise
 k - 7 scrolls of remove curse
 m - 2 scrolls of magic mapping
 p - 3 scrolls of teleportation {unknown}
 s - a scroll of fear {unknown}
 y - 2 scrolls of blinking {unknown}
 A - 3 scrolls of enchant armour {unknown}
 C - a scroll of amnesia {unknown}
 F - a scroll of immolation {unknown}
 G - a scroll of identify
 H - a scroll of recharging {unknown}
Potions
 l - 3 potions of haste {unknown}
 n - a potion of lignification {unknown}
 r - 4 potions of curing
 u - a potion of might {unknown}
 v - a potion of degeneration {unknown}
 x - 2 potions of magic {unknown}
 B - a potion of brilliance {unknown}
 K - a potion of heal wounds {unknown}
Books
 w - a book of Maledictions

   Spells                             Type                      Level
   a - Corona                         Hexes                        1
   b - Ensorcelled Hibernation        Hexes/Ice                    2
   c - Confuse                        Hexes                        3
   d - Tukima's Dance                 Hexes                        3
   e - Dazzling Spray                 Conjuration/Hexes            3
Comestibles
 g - 8 bread rations
 o - 3 royal jellies
 q - 9 fruits
 E - 2 meat rations


   Skills:
 + Level 5.5(4.6) Fighting
 * Level 6.9(6.0) Short Blades
 + Level 4.7(3.8) Throwing
 * Level 6.6(5.7) Dodging
 * Level 7.8(6.9) Stealth


You had 8 spell levels left.
You didn't know any spells.

Dungeon Overview and Level Annotations

Branches:
Dungeon (8/15)             Temple (1/1) D:5            Lair (0/6) D:8

Altars:
Ashenzari
Cheibriados
Dithmenos
Elyvilon
Fedhas
Gozag
Hepliaklqana
Kikubaaqudgha
Makhleb
Nemelex Xobeh
Okawaru
Qazlal
Ru
Sif Muna
Trog
Uskayaw
Vehumet
Wu Jian
Xom
Yredelemnul
Zin
The Shining One

Shops:
D:6 (


Innate Abilities, Weirdness & Mutations

You have sharp toenails.
You are partially covered in yellow scales. (AC +2)
A demonic guardian rushes to your aid.
You are partially covered in sharp spines.
You can translocate small distances at will.
Your body sometimes deteriorates upon taking damage.
You have an increased reservoir of magic. (+10% MP)
Your muscles are very strong. (Str +4)


Message History

You see here a tomahawk.
The wight throws a tomahawk.
The tomahawk barely misses you.
You see here a tomahawk.
The wight hits you from afar with an enchanted halberd.
The wight hits you but does no damage.
You see here a tomahawk.
You barely miss the wight.
The wight is lightly damaged.
The wight hits you from afar with an enchanted halberd.
You hit the wight but do no damage. Your kick misses the wight.
The wight is lightly damaged.
The wight is struck by your spines.
The wight hits you with an enchanted mace!
* * * LOW HITPOINT WARNING * * *
You feel drained.
* * * LOW HITPOINT WARNING * * *
You hit the wight but do no damage.
The wight is moderately damaged.
The wight hits you from afar with an enchanted halberd!
You die...

#..# #...# ####(####.#
...## #########.###....#
#.# #...#
<...............## #.#
###.# ###.##.#.###.#.#
#.# #.# #
#.....)..###.#.### #.#
#.#
#.#.#(#............###.#
#.#
#....[#....##.......##.#
#.#
###.#.####.##.......##.#
#.#
#...zz@...##.......##.#
#.#
#..#.####.##...#...##)#
#.### #...#.#
..#..###.)##.# #....
...# ..# #...# ##....#
###....#. .### ...#..
##...#.# # #.## # .#
#.###..#......# # #.# #.
#. #..#...#.# # #.# #.#
#.####.##.# # #.##. #.#
# #.##.#


You could see 2 wights.

Vanquished Creatures
  A spriggan (D:7)
  4 yaks (D:8)
  A basilisk (D:8)
  A hungry ghost (D:8)
  A porcupine (D:8)
  2 sky beasts
  2 ogres
  A necrophage (D:8)
  2 centaurs
  A phantom (D:8)
  A crocodile (D:8)
  4 bullfrogs
  A water moccasin zombie (D:5)
  A scorpion (D:8)
  4 wights
  2 howler monkeys (D:6)
  2 crimson imps
  3 hounds
  A quasit (D:6)
  2 bullfrog skeletons
  2 orc priests (D:8)
  2 orc wizards
  A centaur skeleton (D:8)
  5 iguanas
  5 worker ants
  3 hound skeletons
  A gnoll (D:7)
  3 adders
  A shadow imp (D:3)
  2 oozes
  2 dart slugs (D:1)
  8 leopard geckos
  23 orcs
  7 giant cockroaches
  2 gnoll zombies (D:7)
  8 goblins
  5 hobgoblins
  6 jackals
  5 kobolds
  3 quokkas
  4 ball pythons
  5 bats
  3 frilled lizards
  A quokka skeleton (D:6)
  A quokka zombie (D:7)
  11 rats
156 creatures vanquished.

Vanquished Creatures (collateral kills)
  Eustachio (D:5)
  A yak (D:8)
  A water moccasin (D:8)
  An ice beast (D:7)
  3 porcupines (D:8)
  A phantom (D:5)
  An orc warrior (D:6)
  An ogre (D:4)
  A crocodile (D:8)
  A wight (D:2)
  A howler monkey (D:4)
  2 orc priests
  An orc wizard (D:5)
  A bullfrog skeleton (D:8)
  2 gnolls (D:7)
  A leopard gecko (D:8)
  4 orcs
24 creatures vanquished.

Vanquished Creatures (others)
  8 plants (D:8)
8 creatures vanquished.

Grand Total: 188 creatures vanquished

Notes
Turn   | Place    | Note
-------+----------+-------------------------------------------
     0 | D:1      | tof the Demonspawn Assassin began the quest for the Orb.
     0 | D:1      | Reached XP level 1. HP: 16/16 MP: 1/1
    10 | D:1      | Reached skill level 1 in Dodging
   318 | D:1      | Gained mutation: You are partially covered in yellow scales. (AC +2) [demonic ancestry]
   318 | D:1      | Reached XP level 2. HP: 21/22 MP: 2/2
   747 | D:1      | Gained mutation: A weak demonic guardian rushes to your aid. [demonic ancestry]
   747 | D:1      | Reached XP level 3. HP: 26/27 MP: 3/3
  1193 | D:2      | Found a sacrificial altar of Ru.
  1196 | D:2      | Found a shimmering altar of Xom.
  1208 | D:2      | Reached skill level 4 in Stealth
  1366 | D:2      | Found a sparkling altar of Nemelex Xobeh.
  1369 | D:2      | Found a deep blue altar of Sif Muna.
  1530 | D:2      | Reached XP level 4. HP: 34/34 MP: 4/4
  2309 | D:2      | Gained mutation: You are partially covered in sharp spines. [demonic ancestry]
  2309 | D:2      | Reached XP level 5. HP: 21/39 MP: 5/5
  3562 | D:4      | Gained mutation: You have sharp toenails. [demonic ancestry]
  3562 | D:4      | Reached XP level 6. HP: 46/46 MP: 6/6
  4792 | D:4      | Reached skill level 5 in Stealth
  5001 | D:5      | Entered Level 5 of the Dungeon
  5023 | D:5      | Found a staircase to the Ecumenical Temple.
  5034 | D:5      | Gained mutation: A demonic guardian rushes to your aid. [demonic ancestry]
  5034 | D:5      | Reached XP level 7. HP: 51/52 MP: 7/7
  5105 | Temple   | Entered the Ecumenical Temple
  5142 | Temple   | Became a worshipper of Dithmenos the Shadowed
  5339 | D:5      | Found a glowing golden altar of the Shining One.
  5514 | D:5      | Noticed Eustachio
  5537 | D:5      | Killed Eustachio
  6156 | D:6      | Found a snail-covered altar of Cheibriados.
  6157 | D:6      | Found a burning altar of Makhleb.
  6166 | D:6      | Reached * piety under Dithmenos
  6168 | D:6      | Reached XP level 8. HP: 38/60 MP: 8/8
  6512 | D:6      | Found Omoixam's Weapon Shoppe.
  6594 | D:6      | Reached skill level 5 in Short Blades
  6594 | D:6      | Reached skill level 6 in Stealth
  6919 | D:6      | Found a shattered altar of Ashenzari.
  7137 | D:7      | Reached skill level 5 in Dodging
  7610 | D:7      | Found a basalt altar of Yredelemnul.
  7747 | D:7      | Reached XP level 9. HP: 67/67 MP: 9/9
  7901 | D:7      | Gained mutation: Your body sometimes deteriorates upon taking damage. [mutagenic meat]
  7902 | D:7      | Gained mutation: You have an increased reservoir of magic. (+10% MP) [mutagenic meat]
  7903 | D:7      | Gained mutation: Your muscles are strong. (Str +2) [mutagenic meat]
  7904 | D:7      | Gained mutation: You can translocate small distances at will. [mutagenic meat]
  7905 | D:7      | Gained mutation: Your muscles are very strong. (Str +4) [mutagenic meat]
  8101 | D:8      | Reached skill level 7 in Stealth
  8106 | D:8      | Reached skill level 5 in Fighting
  8205 | D:8      | Reached ** piety under Dithmenos
  8343 | D:8      | Got a faintly glowing scale mail
  8354 | D:8      | Identified the +1 scale mail "Sojyedemurgh" {+Inv} (You found it on level 8 of the Dungeon)
  8593 | D:8      | Found a staircase to the Lair.
  8982 | D:8      | Slain by a wight

Vault maps used:
D:1:      onia_arrival_pentagram
D:2:      grunt_temple_overflow_cloverleaf
D:5:      tso_metal_star, minmay_temple_entry_mist, first_bread, uniq_eustachio
D:6:      ashenzari_altar_1, grunt_temple_overflow_open, serial_shops,
          nicolae_shop_waterfront, minmay_door_square
D:7:      lemuel_zombie_altar_yredelemnul, the_bakery
D:8:      minmay_lair_entry_grove
Temple:   cyrus_circular_temple

Skill      XL: |  1  2  3  4  5  6  7  8  9 |
---------------+----------------------------+-----
Dodging        | 1 2 3 4 5 6 |  6.6
Short Blades   | 2 3 4 5 6 |  6.9
Stealth        | 4 5 6 7 |  7.8
Throwing       | 2 3 4 |  4.7
Fighting       | 3 4 5 |  5.5

Action                   |  1- 3 |  4- 6 |  7- 9 || total
-------------------------+-------+-------+-------++-------
Melee: Dagger            |   124 |   166 |   235 ||   525
       Kick              |       |    15 |    74 ||    89
 Fire: Blowgun           |       |     1 |       ||     1
Throw: Tomahawk          |       |       |     1 ||     1
  Use: Scroll            |       |     5 |       ||     5
       Potion            |       |     1 |       ||     1
 Stab: Sleeping          |    12 |     5 |    20 ||    37
  Eat: Chunk             |     2 |     5 |    19 ||    26
       Fruit             |       |     2 |       ||     2
       Bread ration      |       |     1 |       ||     1
Armor: Robe              |    39 |    24 |    28 ||    91
Dodge: Dodged            |    98 |    85 |   127 ||   310

Table legend:
 A = Spawn XP
 B = Non-spawn XP
 C = Spawn XP percentage of total XP
 D = Spawn monster count
 E = Non-spawn monster count
 F = Spawn count percentage of total count
 G = Total turns spent on level
                    A         B        C        D         E        F      G
               +---------+---------+-------+---------+---------+-------+---------
         Total |       0 |    5440 |   0.0 |       0 |     180 |   0.0 |  8982
               +---------+---------+-------+---------+---------+-------+---------
           D:1 |       0 |      52 |   0.0 |       0 |      29 |   0.0 |  1497
           D:2 |       0 |     210 |   0.0 |       0 |      25 |   0.0 |  1383
           D:3 |       0 |      42 |   0.0 |       0 |      15 |   0.0 |   639
           D:4 |       0 |     386 |   0.0 |       0 |      16 |   0.0 |  1482
           D:5 |       0 |     539 |   0.0 |       0 |      21 |   0.0 |   902
           D:6 |       0 |     939 |   0.0 |       0 |      23 |   0.0 |  1155
           D:7 |       0 |     957 |   0.0 |       0 |      17 |   0.0 |   982
           D:8 |       0 |    2315 |   0.0 |       0 |      34 |   0.0 |   889
               +---------+---------+-------+---------+---------+-------+---------
